 Dungeon Crawl Stone Soup version 0.30.1-3-gfc49f6343a (webtiles) character file.

Game seed: 13443432554955606506

3915 booth the Magician (level 10, -1/73 HPs)
             Began as a Djinni Hedge Wizard on July 30, 2023.
             Was a Follower of Ashenzari.
             Killed from afar by an acid dragon (27 damage)
             ... with a splash of acid
             ... on level 7 of the Dungeon.
             The game lasted 00:50:49 (7081 turns).

booth the Magician (Djinni Hedge Wizard)            Turns: 7081, Time: 00:50:50

Health: -1/73      AC:  1    Str: 11    XL:     10   Next: 43%
Gold:   251        EV: 20    Int: 22    God:    Ashenzari [*.....] SH:  0 Dex: 15

rFire   + + .        i - +2 demon whip (venom)
rCold   x . .        (no shield)
rNeg    + . .        b - +0 robe
rPois   ∞            c - +0 hat
rElec   .            p - +2 cloak "Shattered With Me" {Range, Melee} (curse)
rCorr   .            (no gloves)
SInv    .            (boots unavailable)
Will    +++..        (no amulet)
Stlth   ++++         z - ring "Ysopad" {Contam rN+ Will++ Int+4}
HPRegen 0.32/turn    m - ring of Apeoromancy {EV+5, Self, Range} (curse)
MPRegen 0.00/turn

%: infuse magic (-2 HP)
@: corroded, flying
A: sickness immunity, fire resistance 2, cold vulnerability 1, float, innate
caster, HP casting, extra vitality 1, thin skeletal structure 1, mutation
resistance 1
a: Renounce Religion, Shatter the Chains


You were on level 7 of the Dungeon.
You worshipped Ashenzari.
Ashenzari was aware of your devotion.
You visited 2 branches of the dungeon, and saw 8 of its levels.
You also visited: Sewer.

You collected 251 gold pieces.

Inventory:

Hand Weapons
 i - a +2 demon whip of venom (weapon)
 k - a +2 dagger of draining
Missiles
 g - 2 atropa-tipped darts (quivered)
 l - a throwing net
 r - 24 poisoned darts
Armour
 b - a +0 robe (worn)
 c - a +0 hat (worn)
 p - the cursed +2 cloak "Shattered With Me" (worn) {Range, Melee}
   (You found it on level 4 of the Dungeon)

   It has a curse which improves the following skills: Ranged Combat: Ranged
   Weapons and Throwing.
   Melee Combat: Short Blades, Long Blades, Axes, Maces & Flails, Polearms,
   Staves and Unarmed Combat.
Jewellery
 e - a +4 ring of protection
 m - the cursed ring of Apeoromancy (right hand) {EV+5, Self, Range}
   (You found it on level 3 of the Dungeon)

   [ring of evasion]

   EV:        It affects your evasion (+5).
   It has a curse which improves the following skills: Introspection: Fighting
   and Spellcasting.
   Ranged Combat: Ranged Weapons and Throwing.
 z - the ring "Ysopad" (left hand) {Contam rN+ Will++ Int+4}
   (You acquired it on level 6 of the Dungeon)

   [ring of positive energy]

   Int:       It affects your intelligence (+4).
   rN:        It protects you from negative energy.
   Contam:    It causes magical contamination when unequipped.
   Will:      It greatly increases your willpower.
Wands
 x - a wand of flame (9)
Scrolls
 f - a scroll of brand weapon
 n - a scroll of blinking
 q - 2 scrolls of teleportation
 s - a scroll of fear
 u - 2 scrolls of fog
 y - 3 scrolls of identify
Potions
 a - 2 potions of heal wounds
 d - 4 potions of might
 h - 2 potions of mutation
 j - 2 potions of brilliance
 o - 2 potions of cancellation
 t - a potion of invisibility
 v - a potion of haste
 w - a potion of experience


   Skills:
 + Level 5.6(6.4) Fighting
 + Level 4.6(5.4) Maces & Flails
 + Level 6.8 Dodging
 + Level 5.5 Stealth
 * Level 6.9(7.7) Spellcasting


You knew the following spells:

 Your Spells              Type           Power      Damage    Failure   Level
a - Magic Dart            Conj           100%       1d8       1%          1
b - Slow                  Hex            100%       N/A       1%          1
c - Blink                 Tloc           84%        N/A       1%          2
d - Call Imp              Summ           84%        N/A       1%          2
e - Mephitic Cloud        Conj/Pois/Air  42%        N/A       1%          3
f - Sting                 Tmut/Pois      100%       1d8       1%          1
g - Searing Ray           Conj           84%        2d7       1%          2
h - Vampiric Draining     Necr           42%        2d9       1%          3
i - Summon Guardian Gole  Hex/Summ       42%        N/A       1%          3
Your spell library was empty.

Dungeon Overview and Level Annotations

Branches:
Dungeon (7/15)             Temple (1/1) D:4           Sewer (visited)

Altars:
Ashenzari
Cheibriados
Dithmenos
Gozag
Hepliaklqana
Nemelex Xobeh
Okawaru
Qazlal
Ru
Uskayaw
Zin
The Shining One

Annotations:
D:3 2 transporters, GrumpyGrim72's ghost, amateur OpTm


Innate Abilities, Weirdness & Mutations

You are immune to sickness and miasma.
You are immune to poison.
Your flesh is very heat resistant. (rF++)
You are vulnerable to cold. (rC-)
You float through the air rather than walking.
You learn spells naturally, not from books.
Your magical power is your life essence.
You have superior vitality. (+4 MHP)
You have a somewhat thin skeletal structure. (Dex +2, Stealth+)
You are somewhat resistant to further mutation.


Message History

You destroy the phantom!
Found a scroll of teleportation.
An acid dragon comes into view.
The acid dragon roars!
The acid dragon spits acid at you. The splash of acid misses you.
The acid dragon spits acid at you. The splash of acid hits you!!
You see here a scroll of teleportation.
q - 2 scrolls of teleportation (gained 1)
The acid dragon spits acid at you. The splash of acid misses you.
Casting: Magic Dart (safe; 1% risk of failure)
Confirm with . or Enter, or press ? or * to list all spells.
Aiming: Magic Dart (safe; 1% risk of failure)
Press: ? - help, Shift-Dir - straight line, f - acid dragon
Aim: an acid dragon (catching its breath, 100% to hit)
The magic dart hits the acid dragon but does no damage.
Casting: Magic Dart (safe; 1% risk of failure)
Confirm with . or Enter, or press ? or * to list all spells.
Aiming: Magic Dart (safe; 1% risk of failure)
Press: ? - help, Shift-Dir - straight line, f/p - acid dragon
Aim: an acid dragon (100% to hit)
The magic dart hits the acid dragon.
The acid dragon is moderately wounded.
Casting: Magic Dart (safe; 1% risk of failure)
Confirm with . or Enter, or press ? or * to list all spells.
Aiming: Magic Dart (safe; 1% risk of failure)
Press: ? - help, Shift-Dir - straight line, f/p - acid dragon
Aim: an acid dragon (moderately wounded, 100% to hit)
The magic dart hits the acid dragon.
The acid dragon is moderately wounded.
The acid dragon spits acid at you. The splash of acid hits you!!
The acid corrodes you!
Casting: Magic Dart (safe; 1% risk of failure)
Confirm with . or Enter, or press ? or * to list all spells.
A guardian golem appears, shielding your allies.
The acid dragon spits acid at you. The splash of acid hits you!!
You die...

### . #####@##
..#......#
.......9.#
#........#
........######
...D......##.#####
....#..>......##.#
...##.#..........##
......#...........#


You could see an acid dragon (catching breath, ally target) and a friendly
guardian golem (summoned).

Vanquished Creatures
  Pikel (D:4)
  Sigmund (D:3)
  Eustachio (D:6)
  A wraith (D:6)
  A steam dragon (D:6)
  A water moccasin (D:6)
  An orc warrior (D:6)
  2 black bears
  2 ice beasts
  An ogre (D:4)
  4 phantoms
  2 kobold brigands (Sewer)
  Blork the orc (D:4)
  A bullfrog (D:6)
  7 scorpions
  4 wights (D:6)
  A water moccasin skeleton (D:5)
  4 killer bees (D:5)
  A bullfrog zombie (D:5)
  4 hounds
  A bullfrog skeleton (D:5)
  A centaur zombie (D:5)
  4 orc priests
  2 jellies (D:6)
  2 iguanas
  3 orc wizards
  Natasha (thrice) (D:2)
  A scorpion zombie (D:5)
  6 adders
  3 worms
  4 dart slugs
  11 orcs
  7 ball pythons
  4 endoplasms
  6 giant cockroaches
  3 hobgoblins
  3 quokkas
  4 bats
  5 frilled lizards
  4 goblins
  16 kobolds
  9 rats
143 creatures vanquished.

Vanquished Creatures (collateral kills)
  2 orcs (D:6)
2 creatures vanquished.

Vanquished Creatures (others)
  A centaur (D:6)
  An iguana (D:6)
2 creatures vanquished.

Grand Total: 147 creatures vanquished

Notes
Turn   | Place    | Note
-------+----------+-------------------------------------------
     0 | D:1      | booth the Djinni Hedge Wizard began the quest for the Orb.
     0 | D:1      | booth set off with the following spells memorised: Magic
                  | Dart, Slow, Blink, Call Imp, Mephitic Cloud.
     0 | D:1      | Reached XP level 1. HP: 15/15 MP: 0/0
   814 | D:1      | Reached XP level 2. HP: 17/22 MP: 0/0
  1140 | D:2      | Reached XP level 3. HP: 21/26 MP: 0/0
  1140 | D:2      | Learned a level 1 spell: Sting
  1624 | D:2      | Reached skill level 1 in Fighting
  1741 | D:2      | Noticed Natasha
  1770 | D:2      | Killed Natasha
  1771 | D:2      | Reached XP level 4. HP: 22/32 MP: 0/0
  1821 | D:2      | Noticed Natasha
  1850 | D:2      | Killed Natasha
  1851 | D:2      | Reached skill level 1 in Maces & Flails
  1961 | D:2      | Noticed Natasha
  1975 | D:2      | Killed Natasha
  1976 | D:2      | Reached XP level 5. HP: 15/37 MP: 0/0
  1976 | D:2      | Learned a level 2 spell: Searing Ray
  2117 | D:2      | Gained mutation: You are somewhat resistant to further
                  | mutation. [potion of mutation]
  2117 | D:2      | Gained mutation: You have a somewhat thin skeletal
                  | structure. (Dex +2, Stealth+) [potion of mutation]
  2153 | D:3      | Noticed Sigmund
  2205 | D:3      | Found a transporter.
  2249 | D:3      | Found a transporter.
  2252 | D:3      | Noticed GrumpyGrim72's ghost (amateur OpTm)
  2599 | D:3      | Killed Sigmund
  2600 | D:3      | Reached XP level 6. HP: 38/43 MP: 0/0
  2722 | D:4      | Reached XP level 7. HP: 48/49 MP: 0/0
  2722 | D:4      | Learned a level 3 spell: Vampiric Draining
  2927 | D:4      | Noticed Blork the orc
  2952 | D:4      | Killed Blork the orc
  3221 | D:4      | Found a glowing drain.
  3249 | Sewer    | Entered a sewer
  3712 | D:4      | Reached XP level 8. HP: 51/56 MP: 0/0
  3761 | D:4      | Noticed Pikel
  3774 | D:4      | Killed Pikel
  3775 | D:4      | Reached skill level 5 in Spellcasting
  3999 | D:4      | Found a staircase to the Ecumenical Temple.
  4010 | Temple   | Entered the Ecumenical Temple
  4122 | Temple   | Became a worshipper of Ashenzari the Shackled
  4280 | D:5      | Entered Level 5 of the Dungeon
  4299 | D:5      | Reached skill level 5 in Dodging
  4319 | D:5      | Reached XP level 9. HP: 55/62 MP: 0/0
  4319 | D:5      | Learned a level 3 spell: Summon Guardian Golem
  5351 | D:6      | Reached skill level 5 in Stealth
  5427 | D:6      | Reached skill level 5 in Fighting
  5455 | D:6      | Reached XP level 10. HP: 46/70 MP: 0/0
  6019 | D:6      | Noticed Eustachio
  6053 | D:6      | Killed Eustachio
  6131 | D:6      | Reached * piety under Ashenzari
  7005 | D:7      | Identified a scroll of acquirement
  7012 | D:6      | Acquired the ring "Ysopad" {Contam rN+ Will++ Int+4}
  7081 | D:7      | Killed from afar by an acid dragon

Illustrated notes

Levels and vault maps discovered:
D:1:      dpeg_arrival_oval, layout_basic
D:2:      layout_basic, uniq_natasha
D:3:      layout_rooms, gammafunk_ghost_stat_death, chequers_decorated_corner,
          uniq_sigmund
D:4:      layout_basic, minmay_temple_entry_glassed_door,
          cheibrodos_sewer_entry_bend, uniq_pikel, uniq_blork_the_orc
D:5:      layout_basic, serial_undead, serial_undead_a, serial_undead_d,
          serial_undead_e, serial_undead_c
D:6:      layout_cave_pods, kennysheep_crisscross, grunt_ministairs_6,
          uniq_eustachio
D:7:      layout_cave_pools, nicolae_overflow_squiral, kennysheep_small_square
Temple:   nicolae_temple_superstar

Skill      XL: |  1  2  3  4  5  6  7  8  9 |
---------------+----------------------------+-----
Fighting       | 1 2 3 5 |  5.6
Stealth        | 2 3 4 5 |  5.5
Spellcasting   | 3 4 5 6 |  6.9
Maces & Flails | 1 2 3 4 |  4.6
Dodging        | 3 4 5 6 |  6.8

Action                     |  1- 3 |  4- 6 |  7- 9 | 10-12 || total
---------------------------+-------+-------+-------+-------++-------
  Melee: Dagger            |     2 |       |       |       ||     2
         Demon whip        |    28 |    39 |   205 |    70 ||   342
         Punch             |       |       |     2 |     4 ||     6
  Throw: Dart              |     2 |       |       |       ||     2
   Cast: Magic Dart        |    46 |    27 |    98 |    57 ||   228
         Sting             |     1 |       |       |       ||     1
         Call Imp          |       |     1 |       |     3 ||     4
         Searing Ray       |       |       |     6 |     3 ||     9
         Slow              |       |       |     1 |       ||     1
         Mephitic Cloud    |       |       |     2 |       ||     2
         Vampiric Draining |       |       |     1 |       ||     1
         Summon Guardian G |       |       |       |     5 ||     5
 Invoke: Curse Item        |       |       |     1 |     1 ||     2
    Use: Scroll            |     4 |     2 |     4 |     1 ||    11
         Potion            |     3 |     3 |     3 |     1 ||    10
   Stab: Sleeping          |     1 |     1 |     1 |       ||     3
 Armour: Robe              |    16 |    13 |    57 |    17 ||   103
  Dodge: Dodged            |    37 |    24 |   188 |    96 ||   345
